Workbook
Name ¿Quiénes_están_inscritos_dentro_del_sistema__incluye_desinscr___: #REF!
Name ActividadRE: #REF!
Name ALMUERZO: '[1]Resumen Preparaciones'!$C$52:$C$113
Name almuerzocena: '[1]Resumen Preparaciones'!$C$52:$C$141
Name Calidad: [2]PERSONAL!$P$58
Name Campamento: [2]PERSONAL!$P$122
Name CostoDirectoObra: #REF!
Name CuantostieneEdSuperior: #REF!
Name Decision: [3]lista!$A$6:$A$7
Name Decision: [3]lista!$A$6:$A$7
Name Decision: [3]lista!$A$6:$A$7
Name Decision: [4]lista!$A$6:$A$7
Name Dedicacion: '[5]Tal Humano'!#REF!
Name desayuno: '[1]Resumen Preparaciones'!$C$5:$C$50
Name DESAYUNOS: '[1]Resumen Preparaciones'!$C$5:$C$33
Name DeseanCapacitacionEn: #REF!
Name DESINSCRITOS: #REF!
Name DISTRIBUCIONPORTIPOCONTRATO: #REF!
Name Ed_cons_empr_CodEntidad: #REF!
Name Ed_emp_codemp: #REF!
Name EdSuperior2: #REF!
Name EdSuperior3: #REF!
Name Empresa: #REF!
Name Ensayos: [2]PERSONAL!$P$100
Name EstadoMadCabFamilia: #REF!
Name Estrategia: [6]Tablas!$F$2:$F$34
Name Fuente: [6]Tablas!$D$2:$D$10
Name Funcionario: [7]frmFuncionario!#REF!
Name GruporUPS: #REF!
Name HFGHGFH3: [8]Planta_Super!#REF!
Name Horas: '[9]Tal Humano'!#REF!
Name hrgc: #REF!
Name Incre: #REF!
Name INCREMENTO: #REF!
Name INCREMENTOS: #REF!
Name Indemnizacion: #REF!
Name InfLaboral: #REF!
Name InfLabrl: #REF!
Name Ins: #REF!
Name InsEnt: #REF!
Name InsFisMag: #REF!
Name IVASobreUtilidad: [2]IMPUESTOS!$E$16
Name LimitacionAuditiva: #REF!
Name LimitacionFisicaOMental: #REF!
Name LimitacionVisual: #REF!
Name LISTA_1: #REF!
Name LISTA_2: #REF!
Name LISTA_PROM: #REF!
Name MadreCabezaFamilia: #REF!
Name Mas_Bajo_Adminstración: '[10]Costo Total'!#REF!
Name Mas_Bajo_Imprevistos: '[10]Costo Total'!#REF!
Name NivelEducacionBasica: #REF!
Name NIVELEDUCACIONSUP: #REF!
Name NivelEducacionSuperior: #REF!
Name NoFacturable: [2]PERSONAL!$P$46
Name NoNOInscritos: #REF!
Name NUMERO: [8]Planta_Super!#REF!
Name Objetivos: [6]Tablas!$E$2:$E$17
Name Oficina: [2]PERSONAL!$P$69
Name PagoRE: #REF!

Sheet COTIZACIÓN AUTOMATIZACION
B9: SOLICITUD DE COTIZACIÓN - AUTOMATIZACIÓN DE RED
B11: EMPRESA: | E11: NIT: | H11: FECHA:
B12: CONTACTO | E12: CARGO: | H12: TEL. CELULAR :
B13: E-MAIL: | E13: DIRECCIÓN: | H13: TELEFONO FIJO:
B15: Instrucciones para el diligenciamiento del formato de cotización
B16: • Por favor diligenciar solo las celdas en AMARILLO. Se deben llenar todas las casillas. • Revisar todos los requerimientos que se exponen en el documento Ficha de Condiciones Técnicas y Anexos; y formular su cotización en concordancia con este. • Asignar precio sin incluir el IVA en las celdas de la columna "F Y H" y asignar la tarifa de IVA que corresponda en la columna "E" • El valor de la cotización deber ser expresado en PESOS COLOMBIANOS. • Los valores unitarios deberán aproximarse por exceso o por defecto al entero más cercano. Si la cifra no está aproximada y aparece con centavos, el ICBF aproximará al entero inferior. • No modificar, agregar o quitar ningún ítem o sub-ítem.
B17: Nota 1: Se solicita cotizar la solución y los servicios para el 2014 y para el 2015 con el fin de poder contar con precios de referencia en el evento en que no sea posible ejecutar el contrato durante el 2014. En cualquiera de los dos casos el plazo de ejecución será el establecido en el numeral "PLAZO DE EJECUCIÓN" de la Ficha de Condiciones Técnicas.
F19: PRECIOS 2014 (Nota 1) | H19: PRECIOS 2015 (Nota 1)
B20: Categoría - Software y Hardware | D20: Cantidad | E20: Tarifa IVA | F20: Valor unitario sin IVA | G20: Valor unitario IVA incluido | H20: Valor unitario sin IVA | I20: Valor unitario IVA incluido
B21: Solución de automatización de red (Network Automation) y administración de direcciones IP, DNS y DHCP (IPAM) para la red de datos | D21: 1 | G21: =ROUND(F21*(1+E21),) -> 0 | I21: =ROUND(H21*(1+E21),) -> 0
B23: Categoría - Servicios | D23: Cantidad | E23: Tarifa IVA | F23: Valor unitario sin IVA | G23: Valor unitario IVA incluido | H23: Valor unitario sin IVA | I23: Valor unitario IVA incluido
B24: Servicio de instalación, configuración de la solución | D24: 1 | G24: =ROUND(F24*(1+E24),) -> 0 | I24: =ROUND(H24*(1+E24),) -> 0
B25: Soporte de la solución a cargo del Contratista (Nivel 1) por 1 Año | D25: 1 | G25: =ROUND(F25*(1+E25),) -> 0 | I25: =ROUND(H25*(1+E25),) -> 0
B26: Soporte de la Solución a cargo del Fabricante (Nivel 2 y 3) por 3 Años | D26: 1 | G26: =ROUND(F26*(1+E26),) -> 0 | I26: =ROUND(H26*(1+E26),) -> 0
B27: SUBTOTAL SERVICIOS | F27: =SUM(F24:F26) -> 0 | G27: =SUM(G24:G26) -> 0 | H27: =SUM(H24:H26) -> 0 | I27: =SUM(I24:I26) -> 0
B29: TOTAL COTIZACIÓN SOFTWARE Y HARDWARE + SERVICIOS | G29: =+G21+G27 -> 0 | I29: =+I21+I27 -> 0
B31: La presente cotización:
B32: • Incluye todos los costos y gastos directos e indirectos en que debe incurrir el contratista durante la ejecución del contrato de acuerdo con las especificaciones de la Ficha de Condiciones Técnicas, las obligaciones tributarias de acuerdo con las normas aplicables para el tipo de servicio y contrato correspondiente, y los costos de las pólizas. • Se remite como parte del estudio de mercado, previo a la contratación, y no implica ninguna obligación de contratar. • Tiene una vigencia de 90 días a partir de la fecha de diligenciamiento.
B33: Inscripción en el Registro Único de Proponentes: Las personas naturales y jurídicas, nacionales o extranjeras, con domicilio en Colombia, interesadas en participar en procesos de contratación convocados por las entidades estatales, deben estar inscritas en el RUP, salvo las excepciones previstas de forma taxativa en la ley (Artículo 8 del Decreto 1510 de 2013). Se aclara que esta inscripción no se requiere para remitir cotización durante el estudio de mercado.

Sheet INFO GENERAL Y FINANCIERA
B8: Formato Información General Y Financiera De Proveedores
B10: Ciudad | E10: Fecha Dd/mm/aa | G10: Persona Natural
G11: Persona Juridica
B12: 1. Información General
B13: 1.1. Identificación.
B14: Personas naturales | C14: Nombre Comercial | F14: Nombres y Apellidos | H14: Cédula
B16: Personas juridicas | C16: Razón Social | F16: NIT | H16: DV
B18: Dirección | F18: Teléfono | G18: Fax | H18: Ciudad
B20: Pagina Web | F20: Años de Constitucion | G20: Sector al que pertenece
B22: 1.2. Personas De Contacto
B23: Gerente General | D23: E-mail | F23: Telefono | G23: Ext. | H23: Celular
B25: Director Comercial | D25: E-mail | F25: Telefono | G25: Ext. | H25: Celular
B27: Asesor Comercial | D27: E-mail | F27: Telefono | G27: Ext. | H27: Celular
B29: 1.3. Productos Y Servicios Inscritos En El Rup De Acuerdo Con El Unspsc
B30: Incluir Listado Con Breve Descripción De Los Produtos Y/o Servicios Que Ofrece La Compañía, Registrados En El Rup (agregue Las Filas Necesarias) | H30: Código de Naciones Unidas
B36: 1.4. Códigos CIIU | H36: 1.5. Número De Empleados
B37: Código De Actividad | C37: Descripción Actividad Económica CIIU | G37: Tarifa ICA
B41: 2. Información Financiera - A Diciembre 31 De 2013
B42: Nombre Del Indicador | E42: Cuenta | F42: Valores En Pesos | G42: Indicador
B43: Capacidad Financiera | C43: indice De Liquidez | E43: Activo Corriente --> | G43: =+IFERROR(F43/F44,0) -> 0 | H43: Veces
E44: Pasivo Corriente -->
C45: Indice De Endeudamiento | E45: Pasivo Total--> | G45: =+IFERROR(F45/F46,0) -> 0 | H45: Porcentaje
E46: Activo Total-->
C47: Razón De Cobertura De Intereses | E47: Utilidad Operacional--> | G47: =+IFERROR(F47/F48,0) -> 0 | H47: Veces
E48: Gastos De Interes-->
B49: Capacidad Organizacional | C49: Rentabilidad Del Patrimonio | E49: Utilidad Operacional--> | G49: =+IFERROR(F49/F50,0) -> 0 | H49: Porcentaje
E50: Patrimonio-->
C51: Rentabilidad Del Activo | E51: Utilidad Operacional--> | G51: =+IFERROR(F51/F52,0) -> 0 | H51: Porcentaje
E52: Activo Total-->
B53: Nota: Para las empresas inspeccionadas, vigiladas o controladas por la Supersociedades, la información consignada en este numeral sera validada con la reportada a la Supersociedades y disponible para consulta en Intenet mediante el Sistema de Información y Riesgo Empresarial de la Supersociedades (SIREM). Si se evidencian diferencias en los valores consignados en este formato y los reportados a la Supersociedades se tomará como referencia la información del SIREM.
B54: Otra informacion relevante de la empresa (consigne en este espacio otra información que considere de interés)

Sheet INFO EXPERIENCIA
B8: EXPERIENCIA EN CONTRATACION EN LOS ULTIMOS 5 AÑOS
B9: EXPERIENCIA EN CONTRATACIÓN EN LOS ÚLTIMOS 5 AÑOS
B11: Empresa: | C11: =+'COTIZACIÓN AUTOMATIZACION'!C11 -> 0 | F11: Nit: | G11: =+'COTIZACIÓN AUTOMATIZACION'!F11 -> 0 | I11: Fecha: | J11: =+'COTIZACIÓN AUTOMATIZACION'!I11 -> 0
B12: Contacto: | C12: =+'COTIZACIÓN AUTOMATIZACION'!C12 -> 0 | F12: Cargo: | G12: =+'COTIZACIÓN AUTOMATIZACION'!F12 -> 0 | I12: Tel. celular: | J12: =+'COTIZACIÓN AUTOMATIZACION'!I12 -> 0
B13: E-Mail: | C13: =+'COTIZACIÓN AUTOMATIZACION'!C13 -> 0 | F13: Dirección: | G13: =+'COTIZACIÓN AUTOMATIZACION'!F13 -> 0 | I13: Tel. fijo: | J13: =+'COTIZACIÓN AUTOMATIZACION'!I13 -> 0
B15: Con el fin de conocer la experiencia con la que cuentan las empresas del sector relacionada con el objeto del presente estudio de mercado, agradecemos diligenciar el cuadro que sigue con base en los contratos suscritos en los últimos 5 años, cuyos objetos están relacionados con el objeto del presente estudio de mercado
B17: Tipo de entidad | C17: Entidad o Empresa | D17: Numero del contrato | E17: Objeto del contrato | F17: Fecha de suscripción (dd/mmm/aa) | G17: Plazo de ejecución (en años) | H17: Forma de participación (UT, consorcio, individual) | I17: % de participación | J17: Valor total ejecutado del contrato (de acuerdo con el % de participación)
B29: Nota: Agregar las filas necesarias para reportar la experiencia

Sheet POLIZAS
B9: CONCEPTOS A TENER EN CUENTA
B12: El presente cuadro es de carácter informativo, no se debe diligenciar. Sin embargo se entiende que la cotización incluye la totalidad de los conceptos relacionados a continuación.
B14: POLIZAS PARA LEGALIZACIÓN DEL CONTRATO
B16: CONCEPTO | D16: COBERTURA | E16: PLAZO (En Meses)
B17: Garantía de Seriedad de la oferta | D17: 0.1 | E17: Plazo de Ejecución
B18: Cumplimiento | D18: 0.2 | E18: Plazo de ejecución + 4 meses mas
B19: Salarios, Prestaciones | D19: 0.1 | E19: Plazo de ejecución + 36 meses mas
B20: Calidad de los Servicios | D20: 0.2 | E20: Plazo de ejecución + 4 meses mas
B21: Responsabilidad civil extracontraactual | D21: 0.1 | E21: Plazo de Ejecución
B22: Cobertura: Corresponde al porcentaje del valor total del contrato a amparar.
